 Dungeon Crawl Stone Soup version 0.25.0-26-g0c896c7088 (webtiles) character file.

Game seed: 8086555757747656791

249 xccam the Cutter (level 6, -1/39 HPs)
             Began as an Octopode Assassin on July 2, 2020.
             Slain by Pikel
             ... wielding a +1 whip of flaming
              (4 damage)
             ... on level 4 of the Dungeon.
             The game lasted 00:03:32 (3142 turns).

xccam the Cutter (Octopode Assassin)                Turns: 3142, Time: 00:03:34

Health: -1/39      AC:  1    Str: 10    XL:     6   Next: 12%
Magic:  6/6        EV: 13    Int: 14    God:
Gold:   129        SH:  0    Dex: 15    Spells: 5/5 levels left

rFire    . . .     SeeInvis .   a - +2 dagger
rCold    . . .     Gourm    .   (no shield)
rNeg     . . .     Faith    .   (helmet restricted)
rPois    .         Spirit   .   (no amulet)
rElec    .         Reflect  .   p - ring of flight
rCorr    .         Harm     .   (no ring)
MR       .....                  (no ring)
Stlth    ++++......             (no ring)
HPRegen  0.13/turn              (no ring)
MPRegen  0.10/turn              (no ring)
                                (no ring)
                                (no ring)

@: lethally poisoned (-1 -> -4), flying
A: almost no armour, stealthy swim, amphibious, 8 rings, constrict 8, camouflage
1, gelatinous body 1
a: no special abilities


You were on level 4 of the Dungeon.
You were hungry.

You visited 1 branch of the dungeon, and saw 4 of its levels.

You collected 129 gold pieces.

Inventory:

Hand Weapons
 a - a +2 dagger (weapon)
Missiles
 b - 10 poisoned darts (quivered)
 c - 2 curare-tipped darts
Jewellery
 p - a ring of flight (left tentacle)
Wands
 l - a wand of flame (8)
Scrolls
 e - a scroll of random uselessness {unknown}
 g - 5 scrolls of identify {unknown}
 h - a scroll of fog {unknown}
 i - 3 scrolls of fear {unknown}
 j - 3 scrolls of magic mapping {unknown}
 o - a scroll of remove curse {unknown}
 t - a scroll of noise {unknown}
Potions
 f - 4 potions of haste
 k - a potion of degeneration {unknown}
 m - a potion of might {unknown}
 n - a potion of flight
 q - a potion of curing {unknown}
 r - a potion of brilliance {unknown}
 s - a potion of invisibility {unknown}
Comestibles
 d - 6 rations


   Skills:
 - Level 2.0 Fighting
 - Level 6.0 Short Blades
 - Level 2.0 Throwing
 + Level 1.9 Dodging
 - Level 5.3 Stealth


You had 5 spell levels left.
You didn't know any spells.
Your spell library was empty.

Dungeon Overview and Level Annotations

Branches:
Dungeon (4/15)
 Temple: D:4-7

Altars:
Dithmenos
Gozag
Nemelex Xobeh
Xom

Annotations:
D:3 2 transporters
D:4 Pikel


Innate Abilities, Weirdness & Mutations

You cannot wear most types of armour.
You are very stealthy in the water. (Stealth+)
You are amphibious.
You can wear up to eight rings at the same time.
You can use your tentacles to constrict eight enemies at once.
Your skin changes colour to match your surroundings (Stealth+).
Your rubbery body absorbs attacks. (AC +1, EV +1)


Message History

Press: ? - help, Shift-Dir - straight line, f/p - Pikel
Aim: Pikel, wielding a +1 whip of flaming and wearing a +0 robe (lightly wounded)
You throw a poisoned dart. The poisoned dart hits Pikel.
Pikel is poisoned.
Pikel is lightly wounded.
Pikel closely misses you. The adder bites you.
Unknown command.
You closely miss the adder. You grab the adder. You constrict the adder.
The adder bites you.
* * * LOW HITPOINT WARNING * * *
You are poisoned.
The adder poisons you! Pikel closely misses you.
It was a potion of flight.
You feel very buoyant.
You fly up into the air.
You constrict the adder.
You feel sick.
The slave looks more healthy.
The adder bites you but does no damage.
Pikel hits you with a +1 whip of flaming!
* * * LOW HITPOINT WARNING * * *
Pikel burns you.
You die...

........ ......#
......# ..... ....
#.. #S# #@# #K# #p#
#p# #.# # #.#.##
############....#
###...(>..p.(.....#
.....##.########..#


You could see Pikel (poisoned), 2 slaves and an adder.

Vanquished Creatures
  A slave (D:4)
  A bullfrog (D:3)
  A water moccasin zombie (D:3)
  3 adders (D:2)
  3 oozes
  4 worms
  3 leopard geckos
  3 giant cockroaches
  10 goblins
  12 hobgoblins
  4 jackals (D:1)
  9 kobolds
  4 quokkas
  2 ball pythons (D:2)
  5 bats
  7 frilled lizards
  2 rats (D:2)
74 creatures vanquished.

Notes
Turn   | Place    | Note
-------+----------+-------------------------------------------
     0 | D:1      | xccam the Octopode Assassin began the quest for the Orb.
     0 | D:1      | Reached XP level 1. HP: 14/14 MP: 1/1
   144 | D:1      | Reached XP level 2. HP: 15/19 MP: 2/2
   329 | D:1      | Reached skill level 3 in Short Blades
   507 | D:1      | Reached XP level 3. HP: 9/24 MP: 3/3
  1280 | D:2      | Reached skill level 4 in Short Blades
  1302 | D:2      | Reached XP level 4. HP: 29/29 MP: 4/4
  1533 | D:2      | HP: 1/29 [hobgoblin/+0 club (4)]
  1539 | D:2      | HP: 1/43 [poisoned by an adder]
  2310 | D:3      | Found a sparkling altar of Nemelex Xobeh.
  2320 | D:3      | Reached skill level 5 in Short Blades
  2348 | D:3      | Noticed a bullfrog
  2350 | D:3      | Killed a bullfrog
  2350 | D:3      | Reached XP level 5. HP: 34/34 MP: 5/5
  2357 | D:3      | Found a transporter.
  2431 | D:3      | Reached skill level 6 in Short Blades
  2431 | D:3      | Reached XP level 6. HP: 14/39 MP: 6/6
  2867 | D:3      | Found a transporter.
  2897 | D:3      | Found an opulent altar of Gozag.
  2898 | D:3      | Found a shimmering altar of Xom.
  2898 | D:3      | Found a shadowy altar of Dithmenos.
  3096 | D:4      | Noticed a slave
  3096 | D:4      | Noticed a slave
  3096 | D:4      | Noticed a slave
  3096 | D:4      | Noticed a slave
  3098 | D:4      | Noticed Pikel
  3130 | D:4      | Killed a slave
  3142 | D:4      | Slain by Pikel

Illustrated notes

Levels and vault maps discovered:
D:1:      dpeg_arrival_rooms_c, layout_basic
D:2:      layout_rooms, first_ration, serial_glass, glass_columns_a,
          glass_columns_a, glass_columns_a, glass_columns_b, glass_columns_b
D:3:      layout_basic, nemelex_xobeh_ov_fountains_minmay,
          gammafunk_temple_overflow_arena
D:4:      layout_loops_ring, uniq_pikel

Skill      XL: |  1  2  3  4  5 |
---------------+----------------+-----
Short Blades   | 3 4 5 6 |  6.0
Fighting       | |  2.0
Throwing       | |  2.0
Dodging        | |  1.9
Stealth        | |  5.3

Action                   |  1- 3 |  4- 6 || total
-------------------------+-------+-------++-------
Melee: Dagger            |    72 |   113 ||   185
       Constrict         |    16 |    23 ||    39
       Tentacles         |    13 |    19 ||    32
Throw: Dart              |       |     8 ||     8
  Use: Potion            |       |     3 ||     3
 Stab: Sleeping          |     9 |     9 ||    18
  Eat: Chunk             |       |     6 ||     6
Armor: Skin              |     6 |     8 ||    14
Dodge: Dodged            |    34 |    65 ||    99
